 Dungeon Crawl Stone Soup version 0.32-a0-711-g016ad743e0 (webtiles) character file.

Game seed: 12403784183627541979

746 senseless the Ruffian (level 7, -10/60 HPs)
             Began as a White Draconian Shapeshifter on Mar 15, 2024.
             Mangled by Duvessa
             ... wielding a +0 short sword
              (14 damage)
             ... on level 4 of the Dungeon.
             The game lasted 00:07:05 (2731 turns).

senseless the Ruffian (DrSh)                        Turns: 2731, Time: 00:07:06

Health: -10/60     AC:  6    Str: 18    XL:     7   Next: 48%
Magic:  7/7        EV: 12    Int: 11    God:
Gold:   129        SH:  0    Dex: 10    Spells: 6/6 levels left

rFire   . . .        g - +1 scythe (heavy)
rCold   + . .        (shield currently unavailable)
rNeg    . . .        (body armour unavailable)
rPois   +            (helmet currently unavailable)
rElec   .            (cloak currently unavailable)
rCorr   +            (gloves currently unavailable)
SInv    .            (boots currently unavailable)
Will    .....        (no amulet)
Stlth   +            s - ring of resist corrosion
HPRegen 0.30/turn    t - ring of poison resistance
MPRegen 0.10/turn

%: no passive effects
@: beast-form
A: beast (slay +2), glacial breath, AC +6, unfitting armour, cold resistance 1,
cold-blooded
a: Glacial Breath, Begin Untransformation


You were on level 4 of the Dungeon.
You were a hulking beast.
You visited 1 branch of the dungeon, and saw 4 of its levels.

You collected 129 gold pieces.

Inventory:

Hand Weapons
 g - a +1 heavy scythe (weapon)
 n - a +4 dagger of speed
Missiles
 a - 4 poisoned darts
 k - 6 boomerangs
 m - a throwing net
Jewellery
 s - a ring of resist corrosion (left hand)
 t - a ring of poison resistance (right hand)
Talismans
 b - a beast talisman (active)
 c - a flux talisman
Scrolls
 i - a scroll of teleportation
 u - a scroll of poison
Potions
 d - 2 potions of curing
 e - 3 potions of heal wounds
 f - a potion of enlightenment {unknown}
 h - a potion of brilliance {unknown}
 l - a potion of attraction {unknown}
 o - a potion of resistance {unknown}
 p - a potion of invisibility {unknown}
 q - a potion of might {unknown}


   Skills:
 + Level 4.5 Fighting
 + Level 4.1 Dodging
 + Level 5.1 Unarmed Combat
 + Level 4.8 Shapeshifting


You had 6 spell levels left.
You didn't know any spells.
Your spell library contained the following spells:

 Spells                   Type           Power      Damage    Failure   Level
 Gell's Gravitas          Tloc           0%         N/A       71%         3
 Teleport Other           Tloc           0%         N/A       71%         3
 Dispersal                Tloc           0%         N/A       100%        6


Dungeon Overview and Level Annotations

Branches:
Dungeon (4/15)
 Temple: D:4-7

Altars:
Makhleb

Shops:
D:1 !

Annotations:
D:4 Duvessa


Innate Abilities, Weirdness & Mutations

You are a hulking beast.
Your limbs bulge with bestial killing power. (Slay +2)
You can breathe waves of cold which freeze foes solid.
Your icy white scales are hard. (AC +6)
You cannot fit into any form of body armour.
Your flesh is cold resistant. (rC+)
You are cold-blooded and may be slowed by cold attacks.


Message History

Duvessa is lightly wounded.
Duvessa barely misses you.
You puncture Duvessa!
Duvessa is moderately wounded.
Duvessa closely misses you.
You closely miss Duvessa.
Duvessa is moderately wounded.
Duvessa hits you with a +0 short sword!
You barely miss Duvessa.
Duvessa is moderately wounded.
Duvessa hits you with a +0 short sword.
You hit Duvessa.
Duvessa is moderately wounded.
Duvessa hits you with a +0 short sword!
You hit Duvessa but do no damage.
Duvessa is moderately wounded.
Duvessa hits you with a +0 short sword.
g - a +1 heavy scythe (weapon)
Duvessa barely misses you.
You closely miss Duvessa.
Duvessa is moderately wounded.
Duvessa barely misses you.
Duvessa hits you with a +0 short sword! x2
* * * LOW HITPOINT WARNING * * *
You puncture Duvessa!
Duvessa is heavily wounded.
Duvessa closely misses you. Duvessa hits you with a +0 short sword!
* * * LOW HITPOINT WARNING * * *
Duvessa hits you with a +0 short sword.
* * * LOW HITPOINT WARNING * * *
Duvessa completely misses you.
You feel much better. Duvessa misses you.
You closely miss Duvessa.
Duvessa is heavily wounded.
Duvessa hits you with a +0 short sword! Duvessa misses you.
Duvessa closely misses you. Duvessa hits you with a +0 short sword!
* * * LOW HITPOINT WARNING * * *
You impale Duvessa!!
Duvessa is almost dead.
Duvessa hits you with a +0 short sword!
You die...

.##..# .##..###### ###
.##..>..... ... ..
.##....... ... ...
.##...###### #.####.###.
...........###....).....
####...........#........
...#..########.#.e....#
##.#..#.........h.....#
#.#...........)........
#.##...##...#[####^..#.
#)##........#.# ....
#.##..........# .#.
#.##....##..#### #
#.##....#.......
#.#.....#...####
#.#............#


You could see Duvessa (berserk).

Vanquished Creatures
  The ghost of Melonhead the Shield-Bearer, an amateur FoFi (D:3)
  Sigmund (D:2)
  A phantom (D:4)
  Dowan (D:4)
  A hound (D:4)
  A bombardier beetle (D:3)
  An iguana (D:4)
  Natasha (thrice) (D:3)
  2 adders
  A ribbon worm (D:3)
  A dart slug (D:1)
  3 orcs (D:3)
  3 endoplasms
  A giant cockroach (D:3)
  12 goblins
  3 hobgoblins
  7 jackals
  3 quokkas
  4 bats
  3 frilled lizards
  11 kobolds
  6 rats
70 creatures vanquished.

Notes
Turn   | Place    | Note
-------+----------+-------------------------------------------
     0 | D:1      | senseless the Draconian Shapeshifter began the quest for
                  | the Orb.
     0 | D:1      | Reached XP level 1. HP: 16/16 MP: 1/1
    96 | D:1      | Reached XP level 2. HP: 23/23 MP: 2/2
   355 | D:1      | Found Coiq's Distillery.
   855 | D:2      | Noticed Sigmund
   872 | D:2      | Killed Sigmund
   873 | D:2      | Reached skill level 4 in Unarmed Combat
   873 | D:2      | Reached XP level 3. HP: 18/31 MP: 3/3
   873 | D:2      | Reached XP level 4. HP: 22/38 MP: 4/4
   873 | D:2      | Reached XP level 5. HP: 26/45 MP: 5/5
  1208 | D:2      | You fall into a shaft and drop 1 floor!
  1242 | D:3      | Noticed Natasha
  1250 | D:3      | Killed Natasha
  1372 | D:3      | Found a runed translucent gate.
  1372 | D:3      | Found a runed translucent gate.
  1373 | D:3      | Found a runed translucent gate.
  1450 | D:3      | Noticed Natasha
  1458 | D:3      | Killed Natasha
  1459 | D:3      | Reached XP level 6. HP: 41/51 MP: 6/6
  1972 | D:3      | Noticed Natasha
  1976 | D:3      | Killed Natasha
  1978 | D:3      | Noticed Melonhead's ghost (amateur FoFi)
  2188 | D:3      | Killed Melonhead's ghost
  2189 | D:3      | Your scales start taking on an icy white colour.
  2189 | D:3      | Reached XP level 7. HP: 46/59 MP: 7/7
  2189 | D:3      | Gained mutation: Your flesh is cold resistant. (rC+) [White
                  | Draconian growth]
  2446 | D:4      | Reached skill level 5 in Unarmed Combat
  2455 | D:4      | Found a burning altar of Makhleb.
  2689 | D:4      | Noticed Dowan
  2707 | D:4      | Killed Dowan
  2712 | D:4      | Noticed Duvessa
  2730 | D:4      | HP: 3/60 [Duvessa/+0 short sword (16)]
  2731 | D:4      | Mangled by Duvessa

Illustrated notes

Levels and vault maps discovered:
D:1:      dpeg_arrival_pits, layout_loops_corners, serial_shops,
          nicolae_shop_competitors_out_of_business, kennysheep_decorative_pillar
D:2:      layout_rooms, minmay_tetromino_s4, uniq_sigmund
D:3:      layout_loops_cross, ebering_ghost_rock_garden, uniq_natasha
D:4:      layout_basic, nicolae_overflow_hidden_temple,
          minmay_temple_entry_statues_pillars, uniq_duvessa

Skill      XL: |  1  2  3  4  5  6  7 |
---------------+----------------------+-----
Dodging        | 2 3 4 |  4.1
Fighting       | 3 4 |  4.5
Unarmed Combat | 4 5 |  5.1
Shapeshifting  | 4 |  4.8

Action                     |  1- 3 |  4- 6 |  7- 9 || total
---------------------------+-------+-------+-------++-------
  Melee: Unarmed           |    54 |       |       ||    54
         Tailslap          |     5 |    12 |     2 ||    19
         Punch             |     1 |       |       ||     1
         Dagger            |       |    99 |    76 ||   175
         Halberd           |       |    35 |     4 ||    39
  Throw: Throwing net      |     1 |     1 |       ||     2
    Use: Scroll            |       |     4 |     5 ||     9
         Potion            |       |     1 |     1 ||     2
 Armour: Skin              |    20 |    91 |    30 ||   141
  Dodge: Dodged            |    21 |    64 |    47 ||   132

Table legend: (Time is in decaauts)
 A = Elapsed time spent in this place.
 B = Non-inter-level travel time spent in this place.
 C = Inter-level travel time spent in this place.
 D = Time resting spent in this place.
 E = Time spent auto-exploring this place.
 F = Levels seen in this place.
 G = Mean time per level.
                   A        B        C        D        E       F      G
               +--------+--------+--------+--------+--------+-----+--------+
         Total |   2689 |   2638 |     51 |    200 |   1942 |   4 |  672.2 |
       Dungeon |   2689 |   2638 |     51 |    200 |   1942 |   4 |  672.2 |
               +--------+--------+--------+--------+--------+-----+--------+

Top non-repeatable levels by time:
     D:3: 987 daAuts
     D:1: 830 daAuts
     D:2: 506 daAuts
     D:4: 365 daAuts
